 Dungeon Crawl Stone Soup version 0.29.1-1-gd02db6906a (webtiles) character file.

Game seed: 16465413405539253090

14 Zeld the Chopper (level 2, 27/27 HPs)
             Began as a Minotaur Berserker on Oct 7, 2022.
             Was a Follower of Trog.
             Quit the game on level 1 of the Dungeon.
             The game lasted 00:01:20 (367 turns).

Zeld the Chopper (Minotaur Berserker)                Turns: 367, Time: 00:01:21

Health: 27/27      AC:  2    Str: 21    XL:     2   Next: 31%
Magic:  1/1        EV: 12    Int:  4    God:    Trog [*.....]
Gold:   132        SH:  0    Dex:  9    Spells: 1/1 levels left

rFire   . . .      SeeInvis .   a - +0 hand axe
rCold   . . .      Faith    .   (no shield)
rNeg    . . .      Spirit   .   b - +0 animal skin
rPois   .          Reflect  .   (helmet restricted)
rElec   .          Harm     .   (no cloak)
rCorr   .          Rampage  .   (no gloves)
Will    .....                   (no boots)
Stlth   +.........              (no amulet)
HPRegen 0.09/turn               (no ring)
MPRegen 0.07/turn               (no ring)

@: no status effects
A: horns 2, retaliatory headbutt
a: Renounce Religion, Berserk


You were on level 1 of the Dungeon.
You worshipped Trog.
Trog was aware of your devotion.
You visited 1 branch of the dungeon, and saw 1 of its levels.

You collected 132 gold pieces.

Inventory:

Hand Weapons
 a - a +0 hand axe (weapon)
Armour
 b - a +0 animal skin (worn)
Scrolls
 c - a scroll of poison {unknown}
Potions
 d - a potion of lignification {unknown}


   Skills:
 + Level 3.8 Fighting
 * Level 4.0 Axes
 + Level 2.7 Armour
 + Level 2.4 Dodging


You had one spell level left.
You didn't know any spells.
Your spell library was empty.

Dungeon Overview and Level Annotations

Branches:
Dungeon (1/15)

Altars:


Innate Abilities, Weirdness & Mutations

You have a pair of horns on your head.
You reflexively headbutt those who attack you in melee.


Message History

A ball python is nearby!
You closely miss the ball python. Your headbutt misses the ball python.
The ball python closely misses you. The ball python grabs you.
The ball python constricts you.
You hit the ball python.
The ball python is heavily wounded.
The ball python bites you. The ball python constricts you.
The ball python bites you. The ball python constricts you.
You hit the ball python.
You kill the ball python!
Trog accepts your kill.
Key pressed, stopping explore.
No target in view!
d - a brown potion No target in view!
Found a book of Geomancy.
You now have 14 gold pieces (gained 7).
You see here a book of Geomancy.
You now have 28 gold pieces (gained 14).
You now have 43 gold pieces (gained 15).
You now have 60 gold pieces (gained 17).
You now have 71 gold pieces (gained 11).
You now have 79 gold pieces (gained 8).
You now have 92 gold pieces (gained 13).
You now have 110 gold pieces (gained 18).
You now have 119 gold pieces (gained 9).
You now have 132 gold pieces (gained 13).
A rat comes into view.
A rat is nearby!
You closely miss the rat. You headbutt the rat.
You kill the rat!
Trog accepts your kill.
No target in view!
No target in view!
You don't know any spells.
Unknown command.
Found a mace.
Key pressed, stopping explore.
No target in view!
Are you sure you want to abandon this character and quit the game? (Confirm with "yes".)

#............##.####....##.##
###.########.##.............#
#.# #..........#.....## ..#
#..........#####..# .###
#..........#####..# #.
#...###............ .
#..##.##...#####.## ##
#..#...#...# #.# #.@+.<.'...#
..# #..#...#...# #.#
#..##.##...# ### #...###....#
#... .....# #.... ....# .)...
...... ...... .....


There were no monsters in sight!

Vanquished Creatures
  A gnoll (D:1)
  A ball python (D:1)
  A hobgoblin (D:1)
  A kobold (D:1)
  2 rats (D:1)
6 creatures vanquished.

Vanquished Creatures (others)
  4 fungi (D:1)
  4 toadstools (D:1)
8 creatures vanquished.

Grand Total: 14 creatures vanquished

Notes
Turn   | Place    | Note
-------+----------+-------------------------------------------
     0 | D:1      | Zeld the Minotaur Berserker began the quest for the Orb.
     0 | D:1      | Reached XP level 1. HP: 19/19 MP: 0/0
    58 | D:1      | Reached skill level 4 in Axes
    58 | D:1      | Reached XP level 2. HP: 24/27 MP: 1/1
   367 | D:1      | Quit the game

Illustrated notes

Levels and vault maps discovered:
D:1:      dpeg_arrival_shelter, layout_basic, serial_park_tiny_2,
          minmay_gold_behind_fungi

Skill      XL: |  1 |
---------------+----+-----
Axes           | 4 |  4.0
Fighting       | |  3.8
Armour         | |  2.7
Dodging        | |  2.4

Action                   || total
-------------------------++-------
Melee: Hand axe          ||    17
       Headbutt          ||     2
Dodge: Dodged            ||     9
